 Dungeon Crawl Stone Soup version 0.32-a0-540-g866d13106e (webtiles) character file.

Game seed: 15395720163631741648

90 Dittersdorf the Shield-Bearer (level 4, 0/29 HPs)
             Began as a Gargoyle Fighter on Feb 28, 2024.
             Slain by an orc
             ... wielding a +0 trident
              (2 damage)
             ... on level 3 of the Dungeon.
             The game lasted 00:02:02 (2029 turns).

Dittersdorf the Shield-Bearer (Gargoyle Fighter)    Turns: 2029, Time: 00:02:02

Health: 0/29       AC: 13    Str: 22    XL:     4   Next: 56%
Magic:  4/4        EV:  7    Int:  8    God:
Gold:   189        SH:  0    Dex:  9    Spells: 3/3 levels left

rFire   . . .        a - +0 flail
rCold   . . .        p - +0 kite shield
rNeg    + . .        j - +0 chain mail
rPois   ∞            (no helmet)
rElec   +            (no cloak)
rCorr   .            (no gloves)
SInv    .            (no boots)
Will    .....        (no amulet) Stlth
                     (no ring)
HPRegen 0.24/turn    (no ring)
MPRegen 0.09/turn

%: no passive effects
@: confused
A: sickness immunity, AC +3, negative energy resistance 1, electricity
resistance, torment resistance 1, petrification resistance
a: no special abilities


You were on level 3 of the Dungeon.
You visited 1 branch of the dungeon, and saw 3 of its levels.

You collected 189 gold pieces.

Inventory:

Hand Weapons
 a - a +0 flail (weapon)
Armour
 b - the +8 plate armour "Hero's Friend" {Fly Regen+ Int-2}
   (You found it on level 2 of the Dungeon)

   Int-2:     It affects your intelligence (-2).
   Fly:       It grants you flight.
   Regen+:    It increases your rate of health regeneration.
 j - a +0 chain mail (worn)
 m - a +0 tower shield
 p - a +0 kite shield (worn)
Scrolls
 e - 2 scrolls of revelation {unknown}
 f - 4 scrolls of identify {unknown}
 g - 2 scrolls of amnesia {unknown}
 k - a scroll of fear {unknown}
 l - a scroll of fog {unknown}
 o - a scroll of torment {unknown}
Potions
 d - 2 potions of might
 h - a potion of heal wounds {unknown}
 i - 2 potions of curing {unknown}
 n - a potion of attraction {unknown}


   Skills:
 + Level 4.0 Fighting
 + Level 2.8 Maces & Flails
 + Level 4.0 Armour
 + Level 4.1 Shields


You had 3 spell levels left.
You didn't know any spells.
Your spell library was empty.

Dungeon Overview and Level Annotations

Branches:
Dungeon (3/15)

Altars:


Innate Abilities, Weirdness & Mutations

You are immune to sickness and miasma.
Your stone body is resilient. (AC +3)
You are immune to poison.
You resist negative energy. (rN+)
You are resistant to electric shocks. (rElec)
You are resistant to unholy torment.
You are immune to petrification.


Message History

The orc attacks as it pursues you!
The orc hits you from afar with a +0 trident.
You're too confused to move!
The orc hits you but does no damage. The goblin hits you with a +0 dagger.
The orc hits you but does no damage.
The orc hits you from afar with a +0 trident.
You feel less confused. The goblin attacks as it pursues you!
The goblin hits you but does no damage. You block the orc's attack.
The orc attacks as it pursues you! The orc hits you but does no damage.
The goblin attacks as it pursues you! The goblin hits you with a +0 dagger.
The orc attacks as it pursues you! The orc closely misses you.
The orc throws a boomerang.
The goblin attacks as it pursues you! The goblin hits you but does no damage.
You hear some strange, mumbled words.
You are confused.
You hear some strange, mumbled words.
You are more confused.
You're too confused to move!
You're too confused to move!
The kobold hits you but does no damage.
You closely miss the kobold.
The kobold hits you but does no damage. x2
The orc hits you from afar with a +0 trident.
The kobold hits you but does no damage. x2
The orc completely misses you. The goblin hits you with a +0 dagger.
The kobold hits you but does no damage. The kobold closely misses you.
Something hits you but does no damage. The kobold attacks as it pursues you!
The kobold barely misses you.
The orc hits you from afar with a +0 trident.
The goblin hits you but does no damage. Something hits you but does no damage.
You're too confused to move!
The orc hits you but does no damage. The goblin hits you but does no damage.
Something hits you but does no damage. The kobold hits you but does no damage.
You barely miss the kobold. The orc barely misses you.
The orc hits you but does no damage. The goblin hits you but does no damage.
You hear some strange, mumbled words.
A puff of flame appears from out of thin air!
The puff of flame hits you!
* * * LOW HITPOINT WARNING * * *
The kobold barely misses you.
The orc hits you from afar with a +0 trident.
You die...

>...............................
..........##......########....##
..........##...#..............#
..........##..............###.#
..S.B...................[.# #.#
..........................# #.#
........................### #.#
................K.......# #.#
..........##...@K.......# ...
..........#...og{.....### #.#.#
..>.....o.o......# #. .#
.................# .. ..
.................# .# #.
..........######## .. .
.....#....# .........#######
.........#......


You could see 3 orcs, a goblin and 2 kobolds.

Vanquished Creatures
  An adder (D:3)
  A ribbon worm (D:3)
  3 dart slugs
  5 orcs (D:3)
  12 ball pythons
  4 bats
  5 endoplasms
  4 giant cockroaches
  6 goblins
  7 hobgoblins
  A quokka (D:2)
  3 frilled lizards
  2 kobolds
  8 rats
62 creatures vanquished.

Notes
Turn   | Place    | Note
-------+----------+-------------------------------------------
     0 | D:1      | Dittersdorf the Gargoyle Fighter began the quest for the
                  | Orb.
     0 | D:1      | Reached XP level 1. HP: 14/14 MP: 1/1
   106 | D:1      | Reached XP level 2. HP: 19/19 MP: 2/2
   374 | D:1      | Reached XP level 3. HP: 22/23 MP: 3/3
   607 | D:1      | You fall into a shaft and drop 1 floor!
   637 | D:2      | Identified the +8 plate armour "Hero's Friend" {Fly Regen+
                  | Int-2}
  1787 | D:3      | Reached XP level 4. HP: 29/29 MP: 4/4
  2029 | D:3      | Slain by an orc

Illustrated notes

Levels and vault maps discovered:
D:1:      dpeg_arrival_tiny_c, layout_loops_ring, nrook_uturn
D:2:      layout_loops_ring
D:3:      minmay_general_purpose_star, layout_basic

Skill      XL: |  1  2  3  4 |
---------------+-------------+-----
Shields        | 4 |  4.1
Armour         | 4 |  4.0
Fighting       | 4 |  4.0
Maces & Flails | |  2.8

Action                     |  1- 3 |  4- 6 || total
---------------------------+-------+-------++-------
  Melee: Flail             |   142 |    50 ||   192
 Armour: Scale mail        |    61 |       ||    61
         Chain mail        |    65 |   102 ||   167
  Dodge: Dodged            |    55 |    46 ||   101
  Block: Buckler           |    30 |     3 ||    33
         Kite shield       |       |    28 ||    28

Table legend: (Time is in decaauts)
 A = Elapsed time spent in this place.
 B = Non-inter-level travel time spent in this place.
 C = Inter-level travel time spent in this place.
 D = Time resting spent in this place.
 E = Time spent auto-exploring this place.
 F = Levels seen in this place.
 G = Mean time per level.
                   A        B        C        D        E       F      G
               +--------+--------+--------+--------+--------+-----+--------+
         Total |   2091 |   1990 |    101 |      0 |   1484 |   3 |  697.0 |
       Dungeon |   2091 |   1990 |    101 |      0 |   1484 |   3 |  697.0 |
               +--------+--------+--------+--------+--------+-----+--------+

Top non-repeatable levels by time:
     D:1: 1035 daAuts
     D:2: 788 daAuts
     D:3: 267 daAuts
